 Dungeon Crawl Stone Soup version 0.19-a0-722-g27ac516 (webtiles) character file.

3 Leszczynek the Caller (level 1, -1/19 HPs)
             Began as an Ogre Summoner on June 21, 2016.
             Slain by a hobgoblin
             ... wielding a +0 club
              (4 damage)
             ... on level 1 of the Dungeon.
             The game lasted 00:01:24 (444 turns).

Leszczynek the Caller (Ogre Summoner)                Turns: 444, Time: 00:01:25

Health: -1/19      AC:  3    Str: 12    XL:     1   Next: 50%
Magic:  3/3        EV: 10    Int: 14    God:
Gold:   14         SH:  0    Dex: 10    Spells: 1 memorised, 3 levels left

rFire  . . .     SeeInvis .     (no weapon)
rCold  . . .     Gourm    .     a - +0 robe
rNeg   . . .     Faith    .     (no shield)
rPois  .         Spirit   .     (helmet restricted)
rElec  .         Dismiss  .     (no cloak)
rCorr  .         Reflect  .     (gloves unavailable)
SustAt .         Harm     .     (boots unavailable)
MR     .....                    (no amulet)
Stlth  +.........               (no ring)
                                (no ring)

@: not resistant to hostile enchantments, very unstealthy
A: unfitting armour, tough skin 1
a: no special abilities


You were on level 1 of the Dungeon.
You were not hungry.

You visited 1 branch of the dungeon, and saw 1 of its levels.

You collected 14 gold pieces.

Inventory:

Missiles
 e - 4 javelins (quivered)
Armour
 a - a +0 robe (worn)
Scrolls
 d - a scroll of remove curse {unknown}
Books
 b - a book of Callings

   Spells                             Type                      Level
   a - Summon Small Mammal            Summoning                    1
   b - Call Imp                       Summoning                    2
   c - Call Canine Familiar           Summoning                    3
   d - Summon Guardian Golem          Hexes/Summoning              3
   e - Summon Lightning Spire         Summoning/Air                4
   f - Summon Ice Beast               Ice/Summoning                4
Comestibles
 c - a bread ration
 f - 2 chunks of flesh


   Skills:
 + Level 1.1 Fighting
 - Level 0.2 Throwing
 - Level 1.7 Dodging
 - Level 1.5 Stealth
 - Level 2.4 Spellcasting
 - Level 2.9 Summonings


You had 3 spell levels left.
You knew the following spells:

 Your Spells              Type           Power        Failure   Level  Hunger
a - Summon Small Mammal   Summ           ##..         10%         1    #......


Dungeon Overview and Level Annotations

Branches:
Dungeon (1/15)

Altars:


Innate Abilities, Weirdness & Mutations

You are too large for most types of armour.
You have tough skin. (AC +1)


Message History

Press: ? - help, Shift-Dir - straight line, f/p - hobgoblin
Aim: a hobgoblin, wielding a club (heavily wounded)
You throw a javelin.
The javelin completely misses the hobgoblin.
The hobgoblin hits you but does no damage.
Throwing (i - inventory):
e - 6 javelins (quivered)
Press: ? - help, Shift-Dir - straight line, f/p - hobgoblin
Aim: a hobgoblin, wielding a club (heavily wounded)
You throw a javelin.
The javelin hits the hobgoblin but does no damage.
The hobgoblin is heavily wounded.
The hobgoblin hits you with a club.
* * * LOW HITPOINT WARNING * * *
Throwing (i - inventory):
e - 5 javelins (quivered)
Press: ? - help, Shift-Dir - straight line, f/p - hobgoblin
Aim: a hobgoblin, wielding a club (heavily wounded)
You throw a javelin. The javelin hits the hobgoblin.
The hobgoblin is almost dead.
The hobgoblin misses you. The hobgoblin hits you with a club.
You die...

w# #. .# #.# (. #.# g# #.#
.# ### #.# .#
####8#######.####.#####.
##.......##.............%
##.#######@##.g...........
##.##.....##g##w###########
#.##.#####.##.#.##
#.#.##...##.##...#
##.#.#.###.##.#.(.#
#8.#.#.#8##.#.##.(#
##.#.#..(.#.#..#..#
#.#.##8#.#.##<####
#.##.###.##.###


You could see a hobgoblin.

Vanquished Creatures
  A dart slug (D:1)
1 creature vanquished.

Vanquished Creatures (collateral kills)
  A hobgoblin (D:1)
1 creature vanquished.

Grand Total: 2 creatures vanquished

Notes
Turn   | Place    | Note
--------------------------------------------------------------
     0 | D:1      | Leszczynek the Ogre Summoner began the quest for the Orb.
     0 | D:1      | Reached XP level 1. HP: 16/16 MP: 3/3
   356 | D:1      | TACTICS
   409 | D:1      | Reached skill level 1 in Fighting
   444 | D:1      | Slain by a hobgoblin

Vault maps used:
D:1:      nagdon_arrival_double_spiral

Skill      XL: |  1 |
---------------+----+-----
Fighting       | 1 |  1.1
Throwing       | |  0.2
Dodging        | |  1.7
Stealth        | |  1.5
Spellcasting   | |  2.4
Summonings     | |  2.9

Action                   || total
-------------------------++-------
Melee: Unarmed           ||    22
Throw: Javelin           ||     4
 Cast: Summon Small Mamm ||     5
Armor: Robe              ||     2
Dodge: Dodged            ||     9
